 Dungeon Crawl Stone Soup version 0.29-a0-823-gc37b1572da (webtiles) character file.

Game seed: 7369716693968566538

1835 bande the Chopper (level 9, -1/54 HPs)
             Began as a Gargoyle Fighter on July 8, 2022.
             Was a Follower of Okawaru.
             Slain by an orc warrior
             ... wielding a +0 long sword
              (3 damage)
             ... on level 7 of the Dungeon on July 9, 2022.
             The game lasted 00:10:44 (6214 turns).

bande the Chopper (Gargoyle Fighter)                Turns: 6214, Time: 00:10:45

Health: -1/54      AC: 17    Str: 26    XL:     9   Next: 11%
Magic:  9/9        EV:  8    Int:  9    God:    Okawaru [*.....]
Gold:   304        SH:  5    Dex: 13    Spells: 8/8 levels left

rFire   . . .      SeeInvis .   a - +0 war axe
rCold   . . .      Faith    .   c - +0 buckler
rNeg    + . .      Spirit   .   s - +0 chain mail
rPois   ∞          Reflect  .   (no helmet)
rElec   +          Harm     .   i - +0 cloak
rCorr   .          Rampage  .   (no gloves)
Will    .....                   (no boots)
Stlth   ..........              (no amulet)
HPRegen 0.18/turn               e - +6 ring of strength
MPRegen 0.11/turn               (no ring)

@: weakened
A: sickness immunity, AC +6, negative energy resistance 1, electricity
resistance, torment resistance 1, petrification resistance, subdued magic 1
a: Renounce Religion, Heroism


You were on level 7 of the Dungeon.
You worshipped Okawaru.
Okawaru was aware of your devotion.
You visited 2 branches of the dungeon, and saw 8 of its levels.

You collected 304 gold pieces.

Inventory:

Hand Weapons
 a - a +0 war axe (weapon)
 u - a +3 vorpal flail
Armour
 c - a +0 buckler (worn)
 i - a +0 cloak (worn)
 s - a +0 chain mail (worn)
Jewellery
 e - a +6 ring of strength (left hand)
 p - a ring of magical power
Wands
 g - a wand of quicksilver (9)
 n - a wand of polymorph (16)
Scrolls
 f - 2 scrolls of teleportation
 l - 3 scrolls of fog
 m - 2 scrolls of amnesia
 v - 2 scrolls of identify
Potions
 b - a potion of flight
 d - a potion of might
 h - a potion of degeneration {unknown}
 k - a potion of brilliance {unknown}
 o - a potion of invisibility {unknown}
 r - 2 potions of curing
 t - a potion of ambrosia {unknown}


   Skills:
 + Level 5.3 Fighting
 + Level 7.3 Axes
 + Level 6.2 Armour
 + Level 4.6 Shields
 + Level 0.9 Unarmed Combat
 * Level 1.3 Invocations
 * Level 3.8 Evocations


You had 8 spell levels left.
You didn't know any spells.
Your spell library contained the following spells:

 Spells                   Type           Power      Damage    Failure   Level
 Foxfire                  Conj/Fire      0%         2x1d4     95%         1
 Necrotise                Necr           0%         1d4       95%         1
 Conjure Flame            Conj/Fire      0%         6-21      100%        3
 Inner Flame              Hex/Fire       0%         N/A       100%        3
 Vampiric Draining        Necr           0%         2d6       100%        3
 Flame Wave               Conj/Fire      0%         2d4       100%        4
 Agony                    Necr           0%         N/A       100%        5
 Chain Lightning          Conj/Air       0%         N/A       100%        9
 Fire Storm               Conj/Fire      0%         5d1       100%        9
 Shatter                  Erth           0%         3d5*      100%        9
 Summon Small Mammal      Summ           Unusable   N/A       N/A         1
 Call Canine Familiar     Summ           Unusable   N/A       N/A         3
 Summon Guardian Golem    Hex/Summ       Unusable   N/A       N/A         3

Dungeon Overview and Level Annotations

Branches:
Dungeon (7/15)             Temple (1/1) D:6

Altars:
Ashenzari
Cheibriados
Elyvilon
Fedhas
Hepliaklqana
Makhleb
Okawaru
Ru
Trog
Xom
Yredelemnul
The Shining One

Shops:
D:6 ?


Innate Abilities, Weirdness & Mutations

You are immune to sickness and miasma.
Your stone body is resilient. (AC +6)
You are immune to poison.
You resist negative energy. (rN+)
You are resistant to electric shocks. (rElec)
You are resistant to unholy torment.
You are immune to petrification.
Your spells are a little easier to cast, but a little less powerful.


Message History

The orc warrior hits you with a +0 long sword.
The gnoll bouda barely misses you. You block the phantom's attack.
The orc warrior hits you with a +0 long sword!
* * * LOW HITPOINT WARNING * * *
The gnoll bouda barely misses you.
You barely miss the orc warrior.
The orc warrior is lightly wounded.
You closely miss the phantom. You closely miss the gnoll bouda.
The phantom hits you but does no damage.
You block the orc warrior's attack.
The gnoll bouda gazes fiercely through you!
You feel as though you will be weak longer.
The gnoll bouda hits you but does no damage.
You slash the orc warrior!
The orc warrior is heavily wounded.
You closely miss the phantom. You hit the gnoll bouda.
You kill the gnoll bouda!
Okawaru accepts your kill. The phantom misses you.
You block the orc warrior's attack.
You hit the orc warrior.
The orc warrior is severely wounded.
You hit the black bear. You slash the phantom!
You destroy the phantom!
The phantom dissolves into shadows!
The black bear bites you but does no damage.
The black bear claws you but does no damage. x2
You block the orc warrior's attack.
You barely miss the orc warrior.
The orc warrior is severely wounded.
You hit the white imp. You slash the black bear!
The black bear dissolves into shadows!
The white imp gestures at you. The puff of frost hits you!
* * * LOW HITPOINT WARNING * * *
The orc warrior hits you but does no damage.
You barely miss the orc warrior.
The orc warrior is severely wounded.
You hit the white imp. The white imp closely misses you.
The orc warrior hits you with a +0 long sword.
You die...

#### #... #...
#...#################
#>...............)...
#.....(.†############
#.#.@....############
#..)o5...............
####'################
#.# #.# #.# #.# ..#
###


You could see an orc warrior and a white imp (summoned).

Vanquished Creatures
  Grinder (D:3)
  Menkaure (D:6)
  Edmund (D:6)
  A sky beast (D:6)
  An ice beast (D:5)
  2 ogres (D:5)
  A centaur (D:7)
  A phantom (D:6)
  Blork the orc (D:5)
  4 scorpions
  A bullfrog (D:7)
  3 howler monkeys
  4 hounds
  2 orc priests
  A gnoll bouda (D:7)
  2 iguanas
  2 orc wizards
  8 adders
  A shadow imp (D:6)
  A white imp (D:6)
  An ufetubus (D:5)
  A worm (D:2)
  3 dart slugs
  8 orcs
  4 endoplasms
  2 giant cockroaches
  3 goblins
  8 hobgoblins
  6 jackals
  5 quokkas
  7 ball pythons
  A frilled lizard (D:3)
  4 kobolds
  3 rats
95 creatures vanquished.

Notes
Turn   | Place    | Note
-------+----------+-------------------------------------------
     0 | D:1      | bande the Gargoyle Fighter began the quest for the Orb.
     0 | D:1      | Reached XP level 1. HP: 14/14 MP: 1/1
   190 | D:1      | Reached XP level 2. HP: 14/19 MP: 2/2
   193 | D:1      | Reached skill level 2 in Axes
  1283 | D:2      | Reached XP level 3. HP: 23/23 MP: 3/3
  1569 | D:2      | Found a sacrificial altar of Ru.
  1907 | D:3      | Noticed Grinder
  1912 | D:3      | Paralysed by Grinder for 2 turns
  1917 | D:3      | Paralysed by Grinder for 4 turns
  1936 | D:3      | Killed Grinder
  1937 | D:3      | Reached skill level 4 in Axes
  1937 | D:3      | Reached XP level 4. HP: 26/29 MP: 4/4
  1937 | D:3      | Reached XP level 5. HP: 30/33 MP: 5/5
  2209 | D:3      | Found a faded altar of an unknown god.
  2299 | D:3      | Reached XP level 6. HP: 34/38 MP: 6/6
  2378 | D:3      | Identified the +2 dagger "Idypt" {flame, +Blink rPois rF-
                  | rC+}
  3123 | D:4      | Reached skill level 1 in Evocations
  3198 | D:4      | Reached XP level 7. HP: 39/44 MP: 7/7
  3563 | D:5      | Entered Level 5 of the Dungeon
  3596 | D:5      | Reached skill level 5 in Axes
  4165 | D:5      | Identified the +2 leather armour of the Five Priests
                  | {Contam rElec Str+5}
  4210 | D:5      | Reached skill level 5 in Armour
  4210 | D:5      | Reached XP level 8. HP: 39/48 MP: 8/8
  4404 | D:5      | Noticed Blork the orc
  4411 | D:5      | Killed Blork the orc
  4412 | D:5      | Reached skill level 6 in Axes
  4549 | D:6      | Found a staircase to the Ecumenical Temple.
  4550 | D:6      | Noticed Edmund
  4576 | D:6      | Killed Edmund
  4587 | Temple   | Entered the Ecumenical Temple
  4755 | Temple   | Became a worshipper of Warmaster Okawaru
  4829 | D:6      | Found Yciewn Zonk's Magic Scroll Shop.
  4843 | D:6      | Noticed Menkaure
  4850 | D:6      | Killed Menkaure
  4851 | D:6      | Reached skill level 5 in Fighting
  4851 | D:6      | HP: 2/49 [orc priest/divine providence (9)]
  4853 | D:6      | Gained mutation: Your spells are a little easier to cast,
                  | but a little less powerful. [potion of mutation]
  5539 | D:6      | Reached skill level 7 in Axes
  5751 | D:6      | Upgraded the game from 0.29-a0-821-g66395355a5 to
                  | 0.29-a0-823-gc37b1572da
  5903 | D:7      | Reached * piety under Okawaru
  5913 | D:7      | Reached XP level 9. HP: 36/54 MP: 9/9
  6054 | D:7      | Reached skill level 1 in Invocations
  6213 | D:7      | HP: 2/54 [white imp/puff of frost[an orc warrior] (11)]
  6214 | D:7      | Slain by an orc warrior

Illustrated notes

Levels and vault maps discovered:
D:1:      psy_arrival_basics, layout_basic
D:2:      layout_loops_ring, basic_altar
D:3:      layout_basic, basic_ecumenical_altar, grunt_ministairs_2, uniq_grinder
D:4:      layout_loops_ring, columned_hall_lemuel
D:5:      layout_basic, uniq_blork_the_orc
D:6:      layout_rooms, minmay_temple_entry_glass, serial_shops,
          nicolae_shop_advertising_works [nicolae_subvault_shop_adworks],
          corexii_corridor_pit, uniq_menkaure, uniq_edmund
D:7:      layout_basic, uniq_maggie
Temple:   regret_index_temple_sigil_plot

Skill      XL: |  1  2  3  4  5  6  7  8  9 |
---------------+----------------------------+-----
Axes           | 2 4 5 7 |  7.3
Fighting       | 4 5 |  5.3
Armour         | 4 5 6 |  6.2
Evocations     | 1 2 3 |  3.8
Shields        | 4 |  4.6
Invocations    | 1 |  1.3
Unarmed Combat | |  0.9

Action                   |  1- 3 |  4- 6 |  7- 9 || total
-------------------------+-------+-------+-------++-------
Melee: War axe           |    74 |    95 |   177 ||   346
       Unarmed           |     7 |       |       ||     7
  Use: Scroll            |       |     6 |     3 ||     9
       Potion            |       |       |     4 ||     4
Armor: Scale mail        |    16 |       |       ||    16
       Ring mail         |    13 |    51 |       ||    64
       Skin              |     2 |       |       ||     2
       Chain mail        |       |    17 |   122 ||   139
Dodge: Dodged            |    29 |    64 |    86 ||   179
Block: Buckler           |    18 |    25 |    48 ||    91

Table legend: (Time is in decaauts)
 A = Elapsed time spent in this place.
 B = Non-inter-level travel time spent in this place.
 C = Inter-level travel time spent in this place.
 D = Time resting spent in this place.
 E = Time spent auto-exploring this place.
 F = Levels seen in this place.
 G = Mean time per level.
                   A        B        C        D        E       F      G
               +--------+--------+--------+--------+--------+-----+--------+
         Total |   6316 |   6296 |     20 |   1200 |   4019 |   8 |  789.5 |
       Dungeon |   6122 |   6109 |     13 |   1200 |   3867 |   7 |  874.6 |
        Temple |    193 |    186 |      7 |      0 |    152 |   1 |  193.0 |
               +--------+--------+--------+--------+--------+-----+--------+

Top non-repeatable levels by time:
     D:6: 1060 daAuts
     D:3: 1044 daAuts
     D:1: 1023 daAuts
     D:5: 1015 daAuts
     D:4: 796 daAuts
     D:2: 761 daAuts
     D:7: 421 daAuts
  Temple: 193 daAuts
